 Dungeon Crawl Stone Soup version 0.24.0-13-gcf9b3192b9 (webtiles) character file.

Game seed: 14453164719927938072, levelgen mode: deterministic

49 Katsumi the Scratcher (level 3, -2/17 HPs)
             Began as a Felid Transmuter on Nov 9, 2019.
             Was an Initiate of Ru.
             Hit by a boomerang thrown by an orc (6 damage)
             ... on level 3 of the Dungeon.
             The game lasted 00:02:38 (2423 turns).

Katsumi the Scratcher (Felid Transmuter)            Turns: 2423, Time: 00:02:39

Health: -2/17      AC:  1    Str:  6    XL:     3   Next: 51%
Magic:  4/7        EV: 18    Int: 15    God:    Ru [......]
Gold:   146        SH:  0    Dex: 16    Spells: 3/6 levels left
                                        Lives:  0   Deaths: 0

rFire    . . .     SeeInvis +     - Unarmed
rCold    . . .     Gourm    .   (shield unavailable)
rNeg     . . .     Faith    .   (armour unavailable)
rPois    .         Spirit   .   (helmet unavailable)
rElec    .         Reflect  .   (cloak unavailable)
rCorr    .         Harm     .   (gloves unavailable)
MR       .....                  (boots unavailable)
Stlth    ++........             (no amulet)
HPRegen  0.05/turn              (no ring)
MPRegen  0.10/turn              (no ring)

@: appendage, very slightly contaminated, quick
A: very small, no armour, no weapons or thrown items, stealth, claws 1, fangs 3,
horns 2, see invisible, carnivore, speed 1, shaggy fur 1, slow metabolism 1,
sharp paws
a: End Transformation, Renounce Religion


You were on level 3 of the Dungeon.
You worshipped Ru.
Ru was noncommittal.
You were completely stuffed.
You had grown temporary horns.
You visited 1 branch of the dungeon, and saw 3 of its levels.

You collected 146 gold pieces.

Inventory:

Missiles
 a - 25 arrows
Jewellery
 i - a cursed ring of attention {unknown}
 n - an uncursed ring of ice
Scrolls
 b - 4 scrolls of identify {unknown}
 h - a scroll of remove curse {unknown}
 k - a scroll of blinking {unknown}
 l - a scroll of fog {unknown}
 m - a scroll of amnesia {unknown}
Potions
 d - 2 potions of curing {unknown}
 e - 2 potions of flight {unknown}
 f - 2 potions of brilliance {unknown}
 g - a potion of lignification {unknown}
 j - 2 potions of might {unknown}
 o - a potion of magic {unknown}
Comestibles
 c - 3 rations
 p - 6 chunks of flesh


   Skills:
 - Level 3.0 Fighting
 - Level 2.6 Dodging
 - Level 3.0 Unarmed Combat
 - Level 2.0 Spellcasting
 + Level 2.9 Transmutations


You had 3 spell levels left.
You knew the following spells:

 Your Spells              Type           Power        Failure   Level  Hunger
a - Beastly Appendage     Tmut           ##....       7%          1    #......
b - Sticks to Snakes      Tmut           ##......     10%         2    ###....

Your spell library contained the following spells:

 Spells                   Type           Power        Failure   Level  Hunger
 Spider Form              Tmut/Pois      #.........   36%         3    ###....
 Ice Form                 Ice/Tmut       #.......     77%         4    #####..
 Blade Hands              Tmut           ##........   88%         5    ######.


Dungeon Overview and Level Annotations

Branches:
Dungeon (3/15)

Altars:
Gozag
Hepliaklqana
Ru
Xom


Innate Abilities, Weirdness & Mutations

You cannot wear armour.
You are incapable of wielding weapons or throwing items.
Your paws allow you to move quietly. (Stealth)
You have sharp claws.
You have razor-sharp teeth.
You have supernaturally acute eyesight. (SInv)
You are carnivorous and can eat meat at any time.
You cover ground quickly.
You are covered in fur. (AC +1)
You have a slow metabolism.
Your sharp claws are effective at attacking unaware monsters.
You have a pair of horns on your head.


Message History

Your ball python bites the orc.
Your ball python constricts the orc.
An orc comes into view. It is wielding a +0 short sword.
Your ball python bites the orc.
The orc dies!
Unknown command.
Unknown command.
Casting: Sticks to Snakes (safe; 10% risk of failure)
Confirm with . or Enter, or press ? or * to list all spells.
You grow a pair of large bovine horns.
The orc hits your ball python with a +0 hand axe.
Your ball python dies!
Unknown command.
Unknown command.
The orc throws a boomerang.
The boomerang hits you.
The weapon returns to the orc!
The orc throws a boomerang.
The boomerang hits you.
* * * LOW HITPOINT WARNING * * *
The weapon returns to the orc!
The orc throws a boomerang.
The boomerang hits you.
You die...

..............#####
.......รท####..##
.......#.......##
>....##..#####..##
####.##.## ##..# #
#.# .# ##.# #.# .#
#)# ... .. #)# #.
.# #@######.#
#..#.....# #....#
########o..##
...)....)#.###
#######....o.#
#######..#.....#
#.......#####[...
#>......# #...


You could see 2 orcs.

Vanquished Creatures
  2 worms
  A dart slug (D:3)
  2 orcs (D:3)
  A giant cockroach (D:2)
  3 goblins
  6 hobgoblins
  A quokka (D:2)
  9 bats
  2 frilled lizards (D:1)
  5 kobolds
  4 rats
36 creatures vanquished.

Vanquished Creatures (collateral kills)
  An orc (D:3)
1 creature vanquished.

Grand Total: 37 creatures vanquished

Notes
Turn   | Place    | Note
-------+----------+-------------------------------------------
     0 | D:1      | Katsumi the Felid Transmuter began the quest for the Orb.
     0 | D:1      | Reached XP level 1. HP: 9/9 MP: 4/4
   728 | D:1      | Reached XP level 2. HP: 13/13 MP: 4/6
   735 | D:1      | Learned a level 2 spell: Sticks to Snakes
  1635 | D:2      | Found a shimmering altar of Xom.
  1690 | D:2      | Reached XP level 3. HP: 17/17 MP: 5/7
  1785 | D:2      | Found a shimmering altar of Xom.
  1785 | D:2      | Found a faded altar of an unknown god.
  1790 | D:2      | Found a hazy altar of Hepliaklqana.
  1797 | D:2      | Found an opulent altar of Gozag.
  1798 | D:2      | Found a sacrificial altar of Ru.
  1888 | D:2      | Became a worshipper of Ru the Awakened
  2423 | D:3      | Hit by a boomerang thrown by an orc

Levels and vault maps discovered:
D:1:      co_arrival_random_square_maze, layout_loops_ring, minmay_pentomino_t2
D:2:      layout_rooms, chequers_temple_overflow_minitemple, first_ration,
          xom_teletrap_fun
D:3:      layout_rooms

Skill      XL: |  1  2 |
---------------+-------+-----
Fighting       | 2 3 |  3.0
Dodging        | |  2.6
Unarmed Combat | |  3.0
Spellcasting   | |  2.0
Transmutations | |  2.9

Action                   || total
-------------------------++-------
Melee: Unarmed           ||   110
       Headbutt          ||    11
       Bite              ||     6
       Punch             ||     1
 Cast: Beastly Appendage ||    39
       Sticks to Snakes  ||     1
 Stab: Sleeping          ||     6
  Eat: Chunk             ||    11
Armor: Skin              ||    12
Dodge: Dodged            ||   112
